[Event "Bamberg-Open 2019"]
[Site "Bamberg"]
[Date "2019.06.02"]
[Round "7.6"]
[White "Gegenfurtner, Juergen"]
[Black "Kolb, Tobias"]
[Result "1-0"]
[ECO "B13"]
[WhiteElo "2323"]
[BlackElo "1915"]
[Annotator "ChessBase"]
[PlyCount "83"]
[EventDate "2019.05.12"]
[EventType "swiss"]
[EventCountry "GER"]
[SourceTitle "playchess.com"]
[Source "ChessBase"]
[SourceQuality "1"]
[TimeControl "40/5400+30:900+30"]

1. e4 c6 2. d4 d5 3. exd5 cxd5 4. Bd3 Nc6 5. c3 Qc7 6. Nd2 e5 7. dxe5 Nxe5 8. Bb5+ Bd7 9. Bxd7+ Qxd7 10. Ndf3 Nc6 11. Ne2 Nf6 12. O-O Bd6 13. Bf4 O-O-O 14. Bxd6 Qxd6 15. Ned4 Rhe8 16. Qa4 Kb8 17. Nb5 Qd7 18. Rfe1 Ne4 19. Rad1 a6 20. Nbd4 g5 21. Nxc6+ Qxc6 22. Qd4 f5 23. Nxg5 Rg8 24. Nxe4 fxe4 25. Re3 Rg5 26. Rg3 Rdg8 27. Rxg5 Rxg5 28. g3 h5 29. b3 b5 30. c4 Kb7 31. cxd5 Qd6 32. Qxe4 Re5 33. Qf4 Kb6 34. b4 a5 35. a3 axb4 36. axb4 Kb7 37. Kg2 Kb6 38. h3 Kb7 39. Kh2 Ka6 40. Rd2 Kb7 41. Re2 Rxd5 42. Qf7+ 1-0

[Event "Bamberg-Open 2019"]
[Site "Bamberg"]
[Date "2019.06.02"]
[Round "7.7"]
[White "Ziegenfuss, Holger"]
[Black "Hacker, Jonas"]
[Result "1-0"]
[ECO "C50"]
[WhiteElo "2006"]
[BlackElo "2386"]
[Annotator "ChessBase"]
[PlyCount "119"]
[EventDate "2019.05.12"]
[EventType "swiss"]
[EventCountry "GER"]
[SourceTitle "playchess.com"]
[Source "ChessBase"]
[SourceQuality "1"]
[TimeControl "40/5400+30:900+30"]

1. e4 e5 2. Nf3 Nc6 3. Bc4 Nf6 4. d3 Bc5 5. Nc3 a6 6. a3 d6 7. Be3 Ba7 8. Bxa7 Rxa7 9. h3 O-O 10. O-O Be6 11. Ba2 Bxa2 12. Rxa2 d5 13. Ra1 Ra8 14. Re1 Re8 15. Qd2 dxe4 16. dxe4 Nd4 17. Qd1 c5 18. Nd2 Qc7 19. Nf1 Qc6 20. f3 Rad8 21. Qc1 Nh5 22. Ne2 Qg6 23. Kh2 Nf4 24. Nxf4 exf4 25. Rb1 Qg5 26. c3 Nb3 27. Qc2 c4 28. Rbd1 Nc5 29. Rd4 b5 30. Red1 Ne6 31. Rd5 Qh4 32. Kg1 h6 33. Qf2 Qe7 34. Qb6 Ra8 35. Rd6 Rec8 36. R1d5 Qa7 37. Qxa7 Rxa7 38. Rd2 Nc5 39. Nh2 h5 40. Kf1 Re7 41. R6d5 g6 42. Kg1 Kg7 43. Nf1 Rc6 44. Kh2 Kf6 45. g3 Nd3 46. gxf4 Nxf4 47. Rd8 Kg5 48. Ne3 f5 49. Nd5 Re5 50. h4+ Kxh4 51. Nxf4 Kg5 52. Nd5 Kh6 53. exf5 gxf5 54. Rg2 Rg6 55. Rd2 Re1 56. Nf4 Rgg1 57. Nh3 Rgf1 58. Kg2 Rb1 59. R8d6+ Kg7 60. Rxa6 1-0

[Event "Bamberg-Open 2019"]
[Site "Bamberg"]
[Date "2019.06.02"]
[Round "7.8"]
[White "Langheinrich, Ferenc"]
[Black "Becker, Tobias"]
[Result "1-0"]
[ECO "B07"]
[WhiteElo "2379"]
[BlackElo "2019"]
[Annotator "ChessBase"]
[PlyCount "55"]
[EventDate "2019.05.12"]
[EventType "swiss"]
[EventCountry "GER"]
[SourceTitle "playchess.com"]
[Source "ChessBase"]
[SourceQuality "1"]
[TimeControl "40/5400+30:900+30"]

1. e4 d6 2. d4 Nf6 3. Nc3 Nbd7 4. Nf3 e5 5. g4 d5 6. dxe5 dxe4 7. Ng5 Nxe5 8. Qxd8+ Kxd8 9. Bf4 Nf3+ 10. Nxf3 exf3 11. O-O-O+ Bd7 12. g5 Ne8 13. Ne4 Nd6 14. Nc5 Bc6 15. b4 a6 16. Bh3 Be7 17. Rhe1 Re8 18. Bg4 Bf8 19. Be5 b6 20. Re3 bxc5 21. bxc5 f6 22. gxf6 gxf6 23. Bxf6+ Be7 24. Rxe7 Rxe7 25. cxd6 cxd6 26. Rxd6+ Kc7 27. Bxe7 Re8 28. Re6 1-0

[Event "Bamberg-Open 2019"]
[Site "Bamberg"]
[Date "2019.06.02"]
[Round "7.9"]
[White "Scholz, Christian"]
[Black "Ammon, Tobias"]
[Result "1-0"]
[ECO "D11"]
[WhiteElo "2372"]
[BlackElo "2151"]
[Annotator "ChessBase"]
[PlyCount "49"]
[EventDate "2019.05.12"]
[EventType "swiss"]
[EventCountry "GER"]
[SourceTitle "playchess.com"]
[Source "ChessBase"]
[SourceQuality "1"]
[TimeControl "40/5400+30:900+30"]

1. d4 d5 2. c4 c6 3. Nf3 Nf6 4. e3 Bg4 5. h3 Bh5 6. cxd5 Bxf3 7. Qxf3 cxd5 8. Bd3 Nc6 9. O-O e6 10. b3 a6 11. Nc3 Bb4 12. Bb2 O-O 13. Rac1 Qe7 14. Na4 Bd6 15. Qe2 Rac8 16. Bb1 Ne4 17. Bxe4 dxe4 18. Nc5 Nb4 19. Nxe4 Nxa2 20. Rxc8 Rxc8 21. d5 Nb4 22. dxe6 fxe6 23. Qg4 Bb8 24. Rd1 Nc6 25. Rd7 1-0

[Event "Bamberg-Open 2019"]
[Site "Bamberg"]
[Date "2019.06.02"]
[Round "7.10"]
[White "Sukaylo, Aleksey"]
[Black "Delitzsch, Juergen"]
[Result "0-1"]
[ECO "B36"]
[WhiteElo "2097"]
[BlackElo "2175"]
[Annotator "ChessBase"]
[PlyCount "76"]
[EventDate "2019.05.12"]
[EventType "swiss"]
[EventCountry "GER"]
[SourceTitle "playchess.com"]
[Source "ChessBase"]
[SourceQuality "1"]
[TimeControl "40/5400+30:900+30"]

1. e4 c5 2. Nf3 Nc6 3. d4 cxd4 4. Nxd4 g6 5. c4 Nf6 6. Nc3 d6 7. Be2 Nxd4 8. Qxd4 Bg7 9. Be3 O-O 10. Qd2 a5 11. O-O a4 12. f3 Be6 13. b4 axb3 14. axb3 Nd7 15. Rxa8 Qxa8 16. Nb5 Rc8 17. Rb1 Nc5 18. Nd4 Bd7 19. b4 Ne6 20. c5 Nxd4 21. Bxd4 Bxd4+ 22. Qxd4 Qa2 23. Re1 Be6 24. cxd6 exd6 25. Qxd6 Qa7+ 26. Kf1 Rc2 27. Rd1 Bc4 28. Rd2 Rc1+ 29. Rd1 Rc2 30. Rd2 Rc1+ 31. Rd1 Qa1 32. Rxc1 Qxc1+ 33. Kf2 Qb2 34. Qd1 Bxe2 35. Qxe2 Qxb4 36. f4 f5 37. exf5 Qxf4+ 38. Qf3 Qxf5 0-1

[Event "Bamberg-Open 2019"]
[Site "Bamberg"]
[Date "2019.06.02"]
[Round "7.11"]
[White "Promyshlyanskiy, Vitaliy"]
[Black "Legahn, Dirk"]
[Result "1-0"]
[ECO "B23"]
[WhiteElo "2282"]
[BlackElo "2132"]
[Annotator "ChessBase"]
[PlyCount "38"]
[EventDate "2019.05.12"]
[EventType "swiss"]
[EventCountry "GER"]
[SourceTitle "playchess.com"]
[Source "ChessBase"]
[SourceQuality "1"]
[TimeControl "40/5400+30:900+30"]

1. e4 c5 2. Nc3 d6 3. f4 Nc6 4. Nf3 Nf6 5. Bb5 e6 6. Bxc6+ bxc6 7. d3 Be7 8. O-O O-O 9. b3 Rb8 10. Qe2 Ba6 11. Na4 Nd7 12. c4 Bf6 13. Rb1 Bc8 14. Bd2 g6 15. e5 Be7 16. Be3 Qc7 17. Qf2 dxe5 18. fxe5 Nxe5 19. Nxe5 Qxe5 1-0

[Event "Bamberg-Open 2019"]
[Site "Bamberg"]
[Date "2019.06.02"]
[Round "7.12"]
[White "Pribyl, Josef"]
[Black "Johansson, Jukka"]
[Result "1-0"]
[ECO "A37"]
[WhiteElo "2239"]
[BlackElo "2071"]
[Annotator "ChessBase"]
[PlyCount "113"]
[EventDate "2019.05.12"]
[EventType "swiss"]
[EventCountry "GER"]
[SourceTitle "playchess.com"]
[Source "ChessBase"]
[SourceQuality "1"]
[TimeControl "40/5400+30:900+30"]

1. c4 c5 2. Nf3 Nc6 3. Nc3 g6 4. g3 Bg7 5. Bg2 e6 6. O-O Nge7 7. e3 O-O 8. d4 cxd4 9. Nxd4 Nxd4 10. exd4 d5 11. cxd5 Nxd5 12. Nxd5 exd5 13. Be3 Be6 14. Qb3 Qd7 15. Rac1 Rfc8 16. h4 h5 17. Rc3 Rxc3 18. bxc3 b5 19. Ra1 Rc8 20. Bf1 Qc6 21. Bd2 Bd7 22. Bg2 Be6 23. a4 a6 24. axb5 axb5 25. Bf1 Rb8 26. Rb1 b4 27. Bf4 Rb7 28. Bg2 Rb5 29. Qa4 Rb6 30. Rxb4 Qxa4 31. Rxa4 Rb3 32. Bd2 Rb1+ 33. Kh2 Rb2 34. Be3 Rc2 35. Ra3 Kh7 36. Kg1 Bh6 37. Bxh6 Kxh6 38. Bf3 g5 39. Ra6 gxh4 40. gxh4 Rxc3 41. Bxd5 Rc1+ 42. Kg2 Re1 43. Bxe6 fxe6 44. d5 Kg7 45. Rxe6 Rd1 46. Re5 Kg6 47. Rg5+ Kh6 48. Re5 Kg6 49. f3 Rd4 50. Kg3 Rd1 51. Kf2 Rd4 52. Ke3 Rxh4 53. d6 Rh1 54. Rd5 Re1+ 55. Kf4 Re8 56. d7 Rd8 57. Ke4 1-0

[Event "Bamberg-Open 2019"]
[Site "Bamberg"]
[Date "2019.06.02"]
[Round "7.13"]
[White "Birkner, Frank"]
[Black "Berghof, Axel"]
[Result "1/2-1/2"]
[ECO "D71"]
[WhiteElo "1784"]
[BlackElo "2155"]
[Annotator "ChessBase"]
[PlyCount "134"]
[EventDate "2019.05.12"]
[EventType "swiss"]
[EventCountry "GER"]
[SourceTitle "playchess.com"]
[Source "ChessBase"]
[SourceQuality "1"]
[TimeControl "40/5400+30:900+30"]

1. d4 Nf6 2. c4 g6 3. g3 c6 4. Nc3 Bg7 5. e4 d6 6. Bg2 O-O 7. h3 Nbd7 8. Be3 Rb8 9. f4 b5 10. cxb5 cxb5 11. Nge2 Nb6 12. b3 b4 13. Nb1 d5 14. e5 Ne4 15. a3 a5 16. axb4 axb4 17. O-O f5 18. Bd2 Na8 19. Ra4 Bd7 20. Rxb4 Bb5 21. Bxe4 fxe4 22. Nbc3 Bc6 23. Rxb8 Qxb8 24. Qb1 Nb6 25. Rc1 Qb7 26. Nd1 Rc8 27. Ne3 e6 28. Bb4 Bb5 29. Kf2 Bd3 30. Rxc8+ Nxc8 31. Qe1 Na7 32. Nc1 Ba6 33. Qc3 h5 34. h4 Kh7 35. Qc5 Nc6 36. Ba3 Bb5 37. Qd6 Nxd4 38. Bc5 Qc6 39. Qxc6 Nxc6 40. Nc2 Kg8 41. Ke3 Bf8 42. Bxf8 Kxf8 43. Nd4 Nxd4 44. Kxd4 Ke7 45. Na2 Kd7 46. Nc3 Kc6 47. b4 Kb6 48. Nd1 Bc4 49. Ne3 Be2 50. f5 gxf5 51. Ng2 Kb5 52. Nf4 Bg4 53. Nxe6 Kxb4 54. Nf4 Kb5 55. Nxd5 Kc6 56. Ne3 Bh3 57. Nc2 Bg4 58. Nb4+ Kd7 59. Nd5 Ke6 60. Nf4+ Ke7 61. Ng2 Ke6 62. Nf4+ Ke7 63. Ke3 Kf7 64. Ng2 Ke6 65. Kf4 Kf7 66. Ne3 Bh3 67. Nc2 Ke7 1/2-1/2

[Event "Bamberg-Open 2019"]
[Site "Bamberg"]
[Date "2019.06.02"]
[Round "7.14"]
[White "Spitzl, Philipp"]
[Black "Zenker, Ulrich"]
[Result "1-0"]
[ECO "A25"]
[WhiteElo "2013"]
[BlackElo "2147"]
[Annotator "ChessBase"]
[PlyCount "57"]
[EventDate "2019.05.12"]
[EventType "swiss"]
[EventCountry "GER"]
[SourceTitle "playchess.com"]
[Source "ChessBase"]
[SourceQuality "1"]
[TimeControl "40/5400+30:900+30"]

1. c4 e5 2. g3 Nc6 3. Bg2 g6 4. Nc3 Bg7 5. e4 Nd4 6. Nge2 Nxe2 7. Nxe2 Ne7 8. d4 d6 9. Be3 O-O 10. Qd2 Be6 11. b3 a6 12. O-O Qc8 13. d5 Bd7 14. c5 Qb8 15. cxd6 cxd6 16. Rac1 b5 17. Qa5 Bf6 18. Rc7 Rd8 19. f4 Kg7 20. h3 b4 21. fxe5 Bxe5 22. Nd4 Kg8 23. g4 Bxd4 24. Bxd4 Qb5 25. Qxb5 axb5 26. Bf6 Kf8 27. e5 Ra6 28. e6 fxe6 29. dxe6 1-0

[Event "Bamberg-Open 2019"]
[Site "Bamberg"]
[Date "2019.06.02"]
[Round "7.15"]
[White "Kues, Hendrik"]
[Black "Grimm, Pascal"]
[Result "1/2-1/2"]
[ECO "A40"]
[WhiteElo "2137"]
[BlackElo "1880"]
[Annotator "ChessBase"]
[PlyCount "153"]
[EventDate "2019.05.12"]
[EventType "swiss"]
[EventCountry "GER"]
[SourceTitle "playchess.com"]
[Source "ChessBase"]
[SourceQuality "1"]
[TimeControl "40/5400+30:900+30"]

1. d4 e6 2. Bf4 f5 3. e3 Nf6 4. h3 b6 5. Nf3 Bb7 6. a4 a5 7. Be2 Be7 8. O-O O-O 9. Bh2 Ne4 10. Nbd2 Bf6 11. Nxe4 Bxe4 12. c3 d6 13. Bc4 Qe7 14. d5 e5 15. Nd2 Qf7 16. Nxe4 fxe4 17. Qg4 Qg6 18. Qxg6 hxg6 19. Rfd1 Bh4 20. g3 Bg5 21. b4 Nd7 22. Bb3 Nf6 23. Bc2 Rf7 24. Kg2 Rff8 25. Bg1 Kf7 26. Rab1 Rh8 27. Rd2 Ke7 28. Bd1 Kd7 29. Ra1 Ke7 30. Be2 Nd7 31. Bb5 Nb8 32. Rdd1 Rf8 33. Rf1 Rf6 34. Be2 Nd7 35. Bc4 Rff8 36. Bb3 Rf7 37. Rad1 Rff8 38. Bc2 Nf6 39. Rd2 Rf7 40. f3 exf3+ 41. Rxf3 Nd7 42. Rxf7+ Kxf7 43. Rd1 Bf6 44. e4 Bg5 45. Bf2 Bh6 46. Kf3 Ke7 47. Ke2 Nf6 48. Rb1 Nd7 49. g4 Bf4 50. h4 Nf6 51. Rg1 Bh2 52. Rg2 Bf4 53. Be1 Kf7 54. Kd3 Ke7 55. Kc4 Kd7 56. Kb5 g5 57. h5 Ra7 58. Bf2 Ra8 59. Kc4 Ke7 60. Kd3 Kd7 61. Bd1 Ke7 62. Rg1 Kf7 63. Be1 Ke7 64. Rg2 Kd7 65. Ra2 Kc8 66. Rb2 Kd7 67. Ra2 Kc8 68. Ra1 Kd7 69. Bf3 Kc8 70. Bf2 Kd7 71. Kc2 Kc8 72. Kb3 Kd7 73. Rh1 Ng8 74. Be2 Ke7 75. Rh3 Nh6 76. Rh1 Ng8 77. Rh3 1/2-1/2

[Event "Bamberg-Open 2019"]
[Site "Bamberg"]
[Date "2019.06.02"]
[Round "7.16"]
[White "Boehme, Sebastian"]
[Black "Ruffenach, Alain"]
[Result "1-0"]
[ECO "B75"]
[WhiteElo "2103"]
[BlackElo "1936"]
[Annotator "ChessBase"]
[PlyCount "99"]
[EventDate "2019.05.12"]
[EventType "swiss"]
[EventCountry "GER"]
[SourceTitle "playchess.com"]
[Source "ChessBase"]
[SourceQuality "1"]
[TimeControl "40/5400+30:900+30"]

1. e4 g6 2. d4 Bg7 3. Nc3 c5 4. Be3 Qa5 5. Nge2 Nf6 6. f3 d6 7. Nc1 cxd4 8. Nb3 Qd8 9. Nxd4 a6 10. Bc4 Nc6 11. O-O O-O 12. Qd2 Bd7 13. Nd5 Nxd5 14. Bxd5 e6 15. Bb3 Na5 16. c3 Qc7 17. Rfd1 Rfd8 18. Bg5 Re8 19. Kh1 Rac8 20. Nc2 Bc6 21. Qxd6 Nxb3 22. Qxc7 Rxc7 23. axb3 h6 24. Be3 Rcc8 25. Bb6 f5 26. Re1 fxe4 27. fxe4 Rf8 28. g3 Rf3 29. Rad1 Rcf8 30. Kg2 R3f5 31. Nb4 Rb5 32. Bc7 Rc8 33. Bd6 Be8 34. c4 Rb6 35. Rd3 Bxb2 36. e5 a5 37. Nc2 a4 38. Rb1 Rxb3 39. Rxb3 axb3 40. Rxb2 bxc2 41. Rxc2 Bb5 42. c5 Bc6+ 43. Kh3 Ra8 44. Rf2 Bd5 45. Rf6 Kg7 46. Rf2 h5 47. Kh4 Ra4+ 48. Rf4 Ra2 49. h3 Ra8 50. Kg5 1-0

[Event "Bamberg-Open 2019"]
[Site "Bamberg"]
[Date "2019.06.02"]
[Round "7.17"]
[White "Carnot, Luca"]
[Black "Haasner, Tom"]
[Result "1-0"]
[ECO "A36"]
[WhiteElo "2043"]
[BlackElo "1963"]
[Annotator "NA"]
[PlyCount "157"]
[EventDate "2019.05.12"]
[EventType "swiss"]
[EventCountry "GER"]
[SourceTitle "playchess.com"]
[Source "ChessBase"]
[SourceQuality "1"]
[TimeControl "40/5400+30:900+30"]

1. c4 c5 2. g3 Nc6 3. Bg2 g6 4. Nc3 Bg7 5. e4 e6 6. Nge2 Nge7 7. O-O O-O 8. a3 b6 {[%emt 0:21:01] A36: Symmetrical English vs ...g6: 4 Bg2 Bg7} (8... Nd4 9. d3 Nec6 10. Rb1 a5 11. a4 d6 12. h3 e5 13. Kh2 Be6 14. Nb5 Nxe2 15. Qxe2 Qd7 16. Bd2 {½-½ (35) Kaspi,A (2435)-Landa,K (2617) Escaldes 2017}) 9. Rb1 a5 10. d3 Nd4 11. Bf4 $146 ({Predecessor:} 11. Nxd4 Bxd4 12. Bh6 Bg7 13. Bxg7 Kxg7 14. e5 Rb8 15. b4 axb4 16. axb4 cxb4 17. Rxb4 {1-0 (42) Gusev,Y (2380)-Titenko,V Podolsk 1982}) 11... Nxe2+ 12. Qxe2 d6 13. e5 d5 14. Bg5 Bb7 15. f4 Re8 16. Nb5 h6 17. Nd6 hxg5 18. Nxb7 Qd7 19. Nd6 Rf8 20. fxg5 (20. Rbe1 $16) 20... Rad8 21. cxd5 Nxd5 22. Nc4 b5 23. Nd2 Ne7 24. Nb3 a4 25. Nxc5 Qd4+ 26. Qf2 Bxe5 27. Ne4 Nf5 28. Rfd1 Rc8 29. Rd2 Kg7 30. Kf1 Ne3+ 31. Ke2 Nd5 32. Qf3 b4 33. axb4 Qxb4 34. d4 Qc4+ 35. Qd3 Qxd3+ 36. Kxd3 Bb8 37. Nc5 Rfd8 38. Nxa4 Nb4+ 39. Ke4 Ba7 40. Nc3 Rc4 41. Nb5 Bb8 42. Bf1 Rc6 43. Ra1 Bd6 44. Ra7 Rc1 45. Rf2 Re1+ 46. Be2 Kg8 47. Ke3 Nd5+ 48. Kd3 Be7 49. Nc3 Kf8 50. Kd2 Rg1 {[%emt 0:00:12] [#]} 51. Bc4 $1 Bxg5+ 52. Ke2 Be7 (52... f5 $16 {might work better.}) 53. Bxd5 $1 exd5 54. Rb7 Rc1 55. Kd3 f5 (55... Rd6 {is a better defense.} 56. Ra7 Rd8) 56. g4 Bd6 57. gxf5 g5 58. Rb5 ({Weaker is} 58. Nxd5 Rd1+ 59. Rd2 Rxd2+ 60. Kxd2 Bxh2 $18) 58... Bf4 59. Nxd5 Rd1+ 60. Kc3 Rc8+ 61. Kb3 Rxd4 (61... Rd3+ $16 {was called for.} 62. Nc3 Rxd4) 62. Nxf4 gxf4 63. Rf3 ({Better is} 63. Rb4 $18 Rd3+ 64. Ka2) 63... Re4 $2 (63... Kf7 $14) 64. Rb4 Rce8 65. Rxf4 Re3+ 66. Ka2 Rh3 67. Rf2 Ra8+ 68. Kb1 Kf7 69. f6 Ra7 70. Rg4 Kf8 71. Rg3 Rh5 72. Kc2 Rb7 73. Rd2 Rb8 74. Rgd3 Kf7 75. Rd7+ Kxf6 76. R2d6+ Kg5 77. Rd5+ Kh4 78. Rxh5+ Kxh5 $18 79. Rd4 1-0

[Event "Bamberg-Open 2019"]
[Site "Bamberg"]
[Date "2019.06.02"]
[Round "7.18"]
[White "Hoekstra, Peter"]
[Black "Hiemer, Bernd"]
[Result "1-0"]
[ECO "B07"]
[WhiteElo "1979"]
[BlackElo "2036"]
[Annotator "NA"]
[PlyCount "75"]
[EventDate "2019.05.12"]
[EventType "swiss"]
[EventCountry "GER"]
[SourceTitle "playchess.com"]
[Source "ChessBase"]
[SourceQuality "1"]
[TimeControl "40/5400+30:900+30"]

1. e4 d6 2. d4 Nf6 3. Nc3 g6 4. h3 Bg7 5. Be3 c6 6. a4 O-O 7. Nf3 Qa5 8. Nd2 Nbd7 9. Be2 {[%emt 0:11:33] B08: Pirc Defence: Classical System} Qc7 10. Nc4 b6 $146 ({Predecessor:} 10... d5 11. exd5 Nxd5 12. Nxd5 cxd5 13. Na3 a6 14. O-O Nf6 15. Bf3 Be6 16. Re1 Rac8 {1-0 (49) Hoffmann,P (2355)-Konstacky,M (2117) Litomysl 2009}) 11. f4 Nxe4 12. Nxe4 d5 13. Ng5 dxc4 14. Bxc4 Nf6 15. O-O Nd5 16. Bc1 h6 17. Nf3 Nxf4 18. Bxf4 Qxf4 19. Ne5 Qe3+ 20. Kh1 Bxe5 21. dxe5 Bxh3 22. Rf3 Bxg2+ 23. Kxg2 Qxe5 24. Qd3 (24. Qd2 $1 $14) 24... Kg7 25. Raf1 Qg5+ 26. Rg3 Qh5 27. Rf5 g5 28. Qd4+ $18 (28. Qe3 $142) 28... f6 29. Qe4 Qe8 30. Bd3 Rh8 31. Re3 Kf8 32. Ref3 Kg7 33. Re5 Kf8 34. Rxf6+ exf6 35. Rxe8+ Rxe8 36. Qxc6 Kf7 37. Qd7+ Kf8 38. Bc4 1-0

[Event "Bamberg-Open 2019"]
[Site "Bamberg"]
[Date "2019.06.02"]
[Round "7.19"]
[White "Chennaoui, Yasin"]
[Black "Pribyl, Viktor"]
[Result "1-0"]
[ECO "B25"]
[WhiteElo "2184"]
[BlackElo "1933"]
[Annotator "ChessBase"]
[PlyCount "93"]
[EventDate "2019.05.12"]
[EventType "swiss"]
[EventCountry "GER"]
[SourceTitle "playchess.com"]
[Source "ChessBase"]
[SourceQuality "1"]
[TimeControl "40/5400+30:900+30"]

1. e4 c5 2. Nc3 d6 3. g3 Nc6 4. Bg2 g6 5. d3 Bg7 6. f4 e6 7. Nf3 Nge7 8. O-O O-O 9. Be3 Nd4 10. Qd2 f5 11. Rae1 Nec6 12. Nd1 e5 13. c3 Ne6 14. exf5 gxf5 15. fxe5 dxe5 16. Bh6 Qf6 17. Bxg7 Qxg7 18. Qe2 c4 19. Nxe5 Nxe5 20. Qxe5 Qxe5 21. Rxe5 cxd3 22. Bd5 Rf6 23. Ne3 Bd7 24. Rexf5 Rxf5 25. Nxf5 Rf8 26. Nd4 Re8 27. Rd1 Kh8 28. Nxe6 Bxe6 29. Bxe6 Rxe6 30. Rxd3 Rb6 31. b3 Kg7 32. Rd7+ Kg6 33. Rc7 h6 34. Kf2 Kf5 35. Kf3 Ke5 36. Kg4 Ke4 37. Kh5 Kf3 38. Rg7 Ra6 39. a4 Rb6 40. b4 Rc6 41. Rxb7 Kg2 42. b5 Rxc3 43. Rxa7 Kxh2 44. Rg7 Kh3 45. b6 Rc5+ 46. Kxh6 Rc6+ 47. Rg6 1-0

[Event "Bamberg-Open 2019"]
[Site "Bamberg"]
[Date "2019.06.02"]
[Round "7.20"]
[White "Stauch, Edgar"]
[Black "Minor, Viatcheslav"]
[Result "1/2-1/2"]
[ECO "A34"]
[WhiteElo "2207"]
[BlackElo "2032"]
[Annotator "ChessBase"]
[PlyCount "80"]
[EventDate "2019.05.12"]
[EventType "swiss"]
[EventCountry "GER"]
[SourceTitle "playchess.com"]
[Source "ChessBase"]
[SourceQuality "1"]
[TimeControl "40/5400+30:900+30"]

1. c4 Nf6 2. g3 c5 3. Bg2 d5 4. cxd5 Nxd5 5. Nc3 Nc7 6. Nf3 Nc6 7. O-O e5 8. d3 Be7 9. Ne1 Bd7 10. f4 exf4 11. gxf4 O-O 12. e4 Ne6 13. Qh5 Ned4 14. Be3 Rc8 15. Rc1 f6 16. Kh1 Be8 17. Qd1 Bd6 18. Bh3 Bd7 19. Qh5 Bxh3 20. Qxh3 Qe7 21. Nd5 Qe6 22. f5 Qf7 23. Ng2 Rfe8 24. Rf2 Nb4 25. Ngf4 Be5 26. Rg2 Nxd5 27. Nxd5 Kh8 28. Rcg1 Rg8 29. Rg4 Nxf5 30. exf5 Qxd5+ 31. R1g2 g6 32. fxg6 Rc7 33. Bh6 f5 34. Rg5 Rxg6 35. Rxg6 hxg6 36. Bf4+ Rh7 37. Bxe5+ Qxe5 38. Qf3 Qe1+ 39. Rg1 Qe6 40. Rg2 Rg7 1/2-1/2

[Event "Bamberg-Open 2019"]
[Site "Bamberg"]
[Date "2019.06.02"]
[Round "7.21"]
[White "Schmidt, Justus"]
[Black "Waffenschmidt, Joachim"]
[Result "1-0"]
[ECO "B50"]
[WhiteElo "2153"]
[BlackElo "1983"]
[Annotator "ChessBase"]
[PlyCount "47"]
[EventDate "2019.05.12"]
[EventType "swiss"]
[EventCountry "GER"]
[SourceTitle "playchess.com"]
[Source "ChessBase"]
[SourceQuality "1"]
[TimeControl "40/5400+30:900+30"]

1. e4 c5 2. Nf3 d6 3. g3 Nf6 4. d3 Nc6 5. Bg2 e6 6. O-O Be7 7. Nc3 O-O 8. Ng5 h6 9. Nh3 Rb8 10. a4 a6 11. f4 Qc7 12. g4 Nh7 13. Ne2 f5 14. exf5 exf5 15. g5 Be6 16. Nc3 Bf7 17. Bd5 Bxd5 18. Nxd5 Qd7 19. c3 Qe6 20. Qf3 hxg5 21. fxg5 Ne5 22. Qg2 Nxd3 23. Nxe7+ Qxe7 24. Qd5+ 1-0

[Event "Bamberg-Open 2019"]
[Site "Bamberg"]
[Date "2019.06.02"]
[Round "7.22"]
[White "Gass, Ulrich"]
[Black "Krauseneck, Peter"]
[Result "1/2-1/2"]
[ECO "B00"]
[WhiteElo "2029"]
[BlackElo "2136"]
[Annotator "ChessBase"]
[PlyCount "28"]
[EventDate "2019.05.12"]
[EventType "swiss"]
[EventCountry "GER"]
[SourceTitle "playchess.com"]
[Source "ChessBase"]
[SourceQuality "1"]
[TimeControl "40/5400+30:900+30"]

1. e4 b6 2. d4 Bb7 3. f3 e6 4. Bd3 d6 5. Ne2 g6 6. Be3 Bg7 7. Qd2 h6 8. c4 Nd7 9. Nbc3 Ne7 10. O-O a6 11. Rad1 c5 12. Bc2 Qc7 13. dxc5 dxc5 14. Bf4 Be5 1/2-1/2

[Event "Bamberg-Open 2019"]
[Site "Bamberg"]
[Date "2019.06.02"]
[Round "7.24"]
[White "Syed, Tareq"]
[Black "Boehme, Markus"]
[Result "1/2-1/2"]
[ECO "A00"]
[WhiteElo "2001"]
[BlackElo "2118"]
[Annotator "ChessBase"]
[PlyCount "42"]
[EventDate "2019.05.12"]
[EventType "swiss"]
[EventCountry "GER"]
[SourceTitle "playchess.com"]
[Source "ChessBase"]
[SourceQuality "1"]
[TimeControl "40/5400+30:900+30"]

1. d3 e5 2. g3 d5 3. Nd2 Nf6 4. Bg2 c6 5. e4 Bd6 6. Nh3 O-O 7. O-O Re8 8. f3 Na6 9. Nf2 Qb6 10. Kh1 Be6 11. c3 Rad8 12. Qe2 dxe4 13. dxe4 Nc5 14. b3 Rd7 15. Bh3 Bxh3 16. Nxh3 Bb8 17. Nc4 Qd8 18. Nf2 Nd3 19. Bg5 Nxf2+ 20. Rxf2 h6 21. Be3 b5 1/2-1/2

[Event "Bamberg-Open 2019"]
[Site "Bamberg"]
[Date "2019.06.02"]
[Round "7.25"]
[White "Schreiter, Thomas"]
[Black "Kunath, Tim"]
[Result "0-1"]
[ECO "E63"]
[WhiteElo "1982"]
[BlackElo "2103"]
[Annotator "ChessBase"]
[PlyCount "72"]
[EventDate "2019.05.12"]
[EventType "swiss"]
[EventCountry "GER"]
[SourceTitle "playchess.com"]
[Source "ChessBase"]
[SourceQuality "1"]
[TimeControl "40/5400+30:900+30"]

1. d4 Nf6 2. c4 g6 3. g3 Bg7 4. Bg2 d6 5. Nf3 O-O 6. O-O Nc6 7. Nc3 a6 8. Re1 Rb8 9. d5 Na5 10. Qd3 c5 11. e4 Nd7 12. Rb1 b5 13. cxb5 axb5 14. Bf4 b4 15. Ne2 Qb6 16. Qe3 Nc4 17. Qc1 Nde5 18. Nxe5 Nxe5 19. Qd2 Qa6 20. Nc1 Bd7 21. Bh6 Nc4 22. Qf4 Be5 23. Qf3 Rfe8 24. Bf1 Bb5 25. Bxc4 Bxc4 26. Qd1 Ra8 27. Qc2 Bb5 28. a3 bxa3 29. bxa3 Ba4 30. Qa2 Reb8 31. Be3 Bd7 32. Re2 Bg4 33. Rd2 Bf3 34. Nd3 Rxb1+ 35. Qxb1 Bxe4 36. Qb3 c4 0-1

[Event "Bamberg-Open 2019"]
[Site "Bamberg"]
[Date "2019.06.02"]
[Round "7.26"]
[White "Bunk, Wolfgang"]
[Black "Dannhaeuser, Kevin"]
[Result "0-1"]
[ECO "B06"]
[WhiteElo "1995"]
[BlackElo "2095"]
[Annotator "NA"]
[PlyCount "134"]
[EventDate "2019.05.12"]
[EventType "swiss"]
[EventCountry "GER"]
[SourceTitle "playchess.com"]
[Source "ChessBase"]
[SourceQuality "1"]
[TimeControl "40/5400+30:900+30"]

1. d4 g6 2. e4 Bg7 3. c4 c5 4. d5 d6 5. Nc3 a6 6. Bd3 {[%emt 0:15:47] A43: Schmid Benoni} (6. f4 e6 7. dxe6 fxe6 8. Nf3 Nc6 9. Be3 Nh6 10. Qd2 Nf7 11. O-O-O Qa5 12. Kb1 Bxc3 13. bxc3 Bd7 {1-0 (38) Ivanchuk,V (2726)-Malakhov,V (2686) Riadh 2017}) 6... e5 7. f4 (7. h4 $16) 7... Ne7 (7... exf4 $11 8. Bxf4 Nf6) 8. fxe5 Bxe5 9. Nf3 Bg4 $146 ({Predecessor:} 9... Bg7 10. Bf4 Qc7 11. Qd2 h6 12. O-O Bg4 13. Bc2 Bxf3 14. Rxf3 f6 {½-½ (26) Hubel,M-Kuci,B Waldshut 2002}) 10. Qa4+ b5 11. cxb5 Bxf3 12. gxf3 O-O 13. Qc2 ({Much worse is} 13. bxa6 $6 Nxa6 14. Bxa6 Qb6 $11) 13... axb5 14. Bxb5 Na6 15. Bxa6 Rxa6 16. O-O Qd7 17. a4 Qh3 18. Be3 Rb8 19. Nb5 Rxa4 20. Rxa4 Rxb5 21. Ra2 Rb3 22. Re1 Qh4 23. Qxb3 Qxe1+ 24. Kg2 Qe2+ 25. Kg1 Bxh2+ 26. Kh1 Bg3 27. Bg1 Qf1 28. Qc2 Qxf3+ 29. Qg2 Qh5+ 30. Bh2 Be5 31. Ra3 Qh4 32. Rh3 Qe1+ 33. Bg1 Bd4 34. Kh2 Bxg1+ 35. Qxg1 Qxe4 36. Qe3 Qc2+ 37. Kg1 Qb1+ 38. Kg2 Qxb2+ 39. Kh1 Qb1+ 40. Kh2 Qc2+ 41. Kg1 Qd1+ 42. Kh2 Nf5 43. Qe4 Qd4 44. Qf3 c4 45. Qa3 Qe5+ 46. Kg1 Qxd5 47. Qc1 Qd4+ 48. Kh1 d5 49. Ra3 Qf2 50. Qg5 Qh4+ 51. Qxh4 Nxh4 52. Ra8+ Kg7 53. Rd8 g5 54. Rxd5 f5 55. Rd6 c3 56. Rc6 c2 57. Rxc2 Kg6 58. Rc6+ Kh5 59. Rc7 h6 60. Rc6 g4 61. Kh2 Nf3+ (61... Kg5 $142 62. Rc8 h5) 62. Kg3 Kg5 63. Rc8 f4+ 64. Kf2 Kh4 65. Rc3 Ng5 66. Rc4 g3+ 67. Kg2 Kg4 0-1